 Dungeon Crawl Stone Soup version 0.21-a0-496-g696f58f537 (webtiles) character file.

67 Kaname the Stinger (level 4, -1/30 HPs)
             Began as a Demonspawn Venom Mage on Nov 23, 2017.
             Slain by an orc
             ... wielding a +0 hand axe
              (5 damage)
             ... on level 3 of the Dungeon.
             The game lasted 00:05:29 (2376 turns).

Kaname the Stinger (Demonspawn Venom Mage)          Turns: 2376, Time: 00:05:31

Health: -1/30      AC:  3    Str:  9    XL:     4   Next: 0%
Magic:  2/7        EV: 18    Int: 17    God:
Gold:   154        SH:  0    Dex: 13    Spells: 3/7 levels left

rFire    . . .     SeeInvis .   j - +1 dagger (vamp)
rCold    . . .     Gourm    .   (no shield)
rNeg     . . .     Faith    .   a - +0 robe
rPois    .         Spirit   .   (helmet restricted)
rElec    .         Reflect  .   (no cloak)
rCorr    .         Harm     .   (no gloves)
MR       .....                  o - +0 pair of boots
Stlth    +++.......             (no amulet)
HPRegen  0.10/turn              g - +6 ring of evasion
MPRegen  0.10/turn              (no ring)

@: very slightly contaminated
A: antennae 1, nightstalker 1
a: no special abilities


You were on level 3 of the Dungeon.
You were hungry.

You visited 1 branch of the dungeon, and saw 3 of its levels.

You collected 154 gold pieces.

Inventory:

Hand Weapons
 j - a +1 vampiric dagger (weapon)
Armour
 a - a +0 robe (worn)
 o - a +0 pair of boots (worn)
Jewellery
 g - a +6 ring of evasion (left hand)
Scrolls
 d - 2 scrolls of amnesia {unknown}
 e - 10 scrolls of remove curse {unknown}
 h - 4 scrolls of identify {unknown}
 i - a scroll of blinking {unknown}
 p - a scroll of fog {unknown}
 t - 3 scrolls of teleportation {unknown}
 u - a scroll of enchant armour {unknown}
Potions
 c - 2 potions of curing {unknown}
 l - 2 potions of lignification {unknown}
 n - a potion of might {unknown}
 r - a potion of degeneration {unknown}
 v - 2 potions of invisibility {unknown}
Books
 b - a Young Poisoner's Handbook

   Spells                             Type                      Level
   a - Sting                          Conjuration/Poison           1
   b - Poisonous Vapours              Poison/Air                   2
   c - Mephitic Cloud                 Conjuration/Poison/Air       3
   d - Olgreb's Toxic Radiance        Poison                       4
   e - Venom Bolt                     Conjuration/Poison           5
 q - a book of Misfortune

   Spells                             Type                      Level
   a - Confusing Touch                Hexes                        1
   b - Confuse                        Hexes                        3
   c - Gell's Gravitas                Translocation                3
   d - Petrify                        Transmutation/Earth          4
   e - Metabolic Englaciation         Hexes/Ice                    5
   f - Yara's Violent Unravelling     Hexes/Transmutation          5
Comestibles
 f - a royal jelly
 k - a bread ration
 m - a meat ration
 w - a fruit


   Skills:
 - Level 1.7 Dodging
 - Level 1.7 Stealth
 - Level 2.0 Spellcasting
 - Level 2.0 Conjurations
 + Level 4.5 Poison Magic


You had 3 spell levels left.
You knew the following spells:

 Your Spells              Type           Power        Failure   Level  Hunger
a - Sting                 Conj/Pois      ##..         4%          1    #......
b - Mephitic Cloud        Conj/Pois/Air  #.......     24%         3    ###....


Dungeon Overview and Level Annotations

Branches:
Dungeon (3/15)

Altars:

Annotations:
D:3 soonmide's ghost, amateur DsVM


Innate Abilities, Weirdness & Mutations

You have a pair of small antennae on your head.
You are slightly more attuned to the shadows.


Message History

Press: ? - help, Shift-Dir - straight line, f - orc priest, p - orc
Aim: an orc priest, wielding a hand axe and wearing a leather armour The sting hits the orc priest.
The orc priest is poisoned.
The orc priest is lightly wounded.
The orc barely misses you.
The orc priest invokes the aid of Beogh against you.
Pain shoots through your body!
Casting: Sting
Confirm with . or Enter, or press ? or * to list all spells.
Aiming: Sting
Press: ? - help, Shift-Dir - straight line, f/p - orc priest
Aim: an orc priest, wielding a hand axe and wearing a leather armour (lightly wounded, poisoned)
The sting hits the orc priest.
The orc priest is lightly wounded.
You are feeling hungry.
The orc priest mumbles some strange prayers to Beogh against you.
Beogh smites you!
* * * LOW HITPOINT WARNING * * *
The orc hits you with a hand axe.
You die...

.####......# #.#..#............
## #....### # ##.#....).......
#....# #.##.#............ #....#
#.##.#..........## #....#
#..#.#............ #....#
#.##.#####........
#####....#######.# .... #....#...
....#....#.....oo# ## #........
....#....#..?...@# .# #....#...
....#....#.......####.#.#....#...
....#....#...................#...
#####....#######)............####
#....# #.............#### #....#
#......#+# #....# #....#
#......#.# #.# #....# #.####.#.#
#.# #####..(.#######.# #.#.####
#.W


You could see an orc priest and an orc.

Vanquished Creatures
  2 oozes
  A worm (D:3)
  3 dart slugs
  2 leopard geckos (D:3)
  An orc (D:3)
  A ball python (D:2)
  5 bats
  2 giant cockroaches
  7 goblins
  4 hobgoblins
  3 jackals (D:1)
  2 frilled lizards (D:3)
  7 kobolds
  4 rats (D:1)
44 creatures vanquished.

Notes
Turn   | Place    | Note
-------+----------+-------------------------------------------
     0 | D:1      | Kaname the Demonspawn Venom Mage began the quest for the Orb.
     0 | D:1      | Reached XP level 1. HP: 13/13 MP: 3/3
   257 | D:1      | Gained mutation: You have a pair of small antennae on your head. [demonic ancestry]
   257 | D:1      | Reached XP level 2. HP: 19/19 MP: 1/5
   816 | D:1      | Gained mutation: You are slightly more attuned to the shadows. [demonic ancestry]
   816 | D:1      | Reached XP level 3. HP: 24/24 MP: 6/6
   982 | D:2      | Learned a level 3 spell: Mephitic Cloud
  1273 | D:3      | Reached skill level 4 in Poison Magic
  1478 | D:3      | Noticed soonmide's ghost (amateur DsVM)
  2367 | D:3      | Reached XP level 4. HP: 30/30 MP: 4/7
  2376 | D:3      | Slain by an orc

Vault maps used:
D:1:      dpeg_arrival_pits
D:2:      hangedman_abyss_or_decor_stabs, kennysheep_potato
D:3:      serial_co_window_serial, co_window_corner_a, co_window_cross_1,
          co_window_paths_a, co_window_paths_a, co_window_of_opportunity_a,
          co_window_2corner, co_window_unsneaky_path_d, co_window_cross_4,
          co_window_unsneaky_path_a, co_window_corner_b, co_window_4corner_a,
          glass_columns_a, glass_columns_b, glass_columns_c, glass_columns_a

Skill      XL: |  1  2  3 |
---------------+----------+-----
Conjurations   | 2 |  2.0
Poison Magic   | 4 |  4.5
Dodging        | |  1.7
Stealth        | |  1.7
Spellcasting   | |  2.0

Action                   |  1- 3 |  4- 6 || total
-------------------------+-------+-------++-------
Melee: Unarmed           |     5 |       ||     5
       Dagger            |   151 |     2 ||   153
 Cast: Sting             |    34 |     3 ||    37
 Stab: Sleeping          |    10 |       ||    10
  Eat: Bread ration      |     1 |       ||     1
       Chunk             |     5 |       ||     5
Armor: Robe              |    35 |       ||    35
Dodge: Dodged            |   178 |     4 ||   182

Table legend:
 A = Spawn XP
 B = Non-spawn XP
 C = Spawn XP percentage of total XP
 D = Spawn monster count
 E = Non-spawn monster count
 F = Spawn count percentage of total count
 G = Total turns spent on level
                    A         B        C        D         E        F      G
               +---------+---------+-------+---------+---------+-------+---------
         Total |       0 |      97 |   0.0 |       0 |      44 |   0.0 |  2376
               +---------+---------+-------+---------+---------+-------+---------
           D:1 |       0 |      44 |   0.0 |       0 |      22 |   0.0 |   847
           D:2 |       0 |      10 |   0.0 |       0 |       6 |   0.0 |   449
           D:3 |       0 |      43 |   0.0 |       0 |      16 |   0.0 |  1080
               +---------+---------+-------+---------+---------+-------+---------
